Map: Oceanborn LE

Players

ColtZero

  • Race: Zerg Zerg
  • League: Platinum
  • Spawn Location: 11:00

SubN - Winner!

  • Race: Zerg Zerg
  • League: Diamond
  • Spawn Location: 5:00

VOD

Have the link to the VOD?

Description

Time

  • Played on: Dec. 27, 2023, 11:03 a.m.
  • Length: 13:03
Show
View Real Time Build Order
Export as new Build Order

ColtZero Zerg 

Build Orders: Hatch First 

Get SALT Encoding   

  12  0:00  Drone  
  13  0:13  Overlord  
  13  0:17  Drone  
  14  0:23  Drone, Extractor  
  15  0:33  Drone  
  16  0:52  Hatchery  
  16  0:53  Drone  
  17  0:57  Drone  
  17  1:00  Drone  
  18  1:11  Extractor  
  18  1:17  Spawning Pool  
  16  1:20  Drone  
  16  1:24  Drone  
  19  1:32  Drone  
  19  1:46  Overlord  
  19  2:02  Drone  
  19  2:05  Queen x2  
  19  2:07  Zergling x4  
  26  2:18  Drone  
  26  2:19  Drone  
  28  2:24  Baneling Nest  
  28  2:26  Drone  
  28  2:27  Drone  
  29  2:33  Zergling x2  
  30  2:37  Metabolic Boost  
  30  2:54  Drone x3  
  33  3:15  Baneling x2  
  33  3:17  Zergling x6  
  33  3:18  Overlord  
  33  3:19  Overlord  
  36  3:28  Overlord x2  
  33  3:54  Zergling x2  
  33  3:55  Zergling x12  
  40  4:06  Zergling x2  
  40  4:07  Zergling x2  
  40  4:12  Roach Warren  
  39  4:27  Baneling x2  
  39  4:34  Zergling x2  
  39  4:35  Zergling x16  
  39  4:36  Zergling x2  
  49  4:49  Hatchery  
  46  4:56  Hatchery  
  41  5:22  Drone  
  41  5:23  Drone x7  
  41  5:24  Drone  
  41  5:28  Baneling x4  
  48  5:52  Overlord x3  
  48  5:55  Roach x2  
  52  6:08  Extractor  
  52  6:09  Extractor  
  50  6:12  Queen x3  
  50  6:15  Queen  
  50  6:17  Roach  
  50  6:18  Roach x5  
  69  6:36  Roach x5  
  69  6:37  Roach  
  69  6:38  Roach  
  83  6:51  Queen  
  87  6:59  Roach x2  
  91  7:09  Drone  
  91  7:10  Drone x2  
  91  7:14  Drone x3  
  97  7:21  Lair  
  95  7:24  Drone x2, Extractor  
  95  7:25  Drone  
  95  7:27  Roach  
  95  7:28  Roach  
  95  7:29  Roach  
  103  7:40  Overlord x2  
  86  8:04  Roach x4  
  86  8:05  Roach x5  
  74  8:43  Roach  
  74  8:44  Roach x11  
  74  8:45  Roach  
  74  8:46  Zergling x2  
  90  9:25  Roach x3  
  90  9:26  Roach x10  
  102  9:48  Hatchery  
  101  10:00  Zergling x2  
  101  10:01  Zergling x18  
  101  10:02  Zergling x2  
  112  10:24  Hatchery  
  112  10:28  Zergling x6  
  87  11:03  Drone x14  
  101  11:11  Ravager x5  
  102  11:12  Ravager x9  
  102  11:13  Ravager  
  102  11:14  Ravager  
  117  11:21  Overlord  
  117  11:27  Ravager  
  118  11:44  Drone x2  
  118  11:45  Drone x11  
  131  11:53  Spire  
  130  11:55  Overseer  
  130  11:58  Overseer, Spore Crawler  
  129  12:02  Spore Crawler  
  129  12:05  Overlord x2  
  129  12:06  Overlord  
  104  12:32  Roach x13  
Show
View Real Time Build Order
Export as new Build Order

SubN Zerg - Winner!

Build Orders: 3 Hatch before Pool 

Get SALT Encoding   

  12  0:00  Drone  
  13  0:12  Overlord  
  13  0:16  Drone  
  14  0:30  Drone x2  
  16  0:49  Hatchery  
  15  0:52  Drone  
  16  1:11  Drone  
  17  1:18  Hatchery  
  16  1:19  Drone  
  16  1:23  Drone  
  18  1:26  Extractor  
  17  1:38  Spawning Pool  
  16  1:41  Drone  
  16  1:44  Drone  
  18  1:51  Drone  
  18  1:54  Drone  
  20  2:05  Overlord  
  20  2:12  Overlord  
  20  2:16  Drone  
  20  2:17  Drone  
  22  2:25  Queen  
  24  2:31  Queen  
  26  2:43  Queen  
  28  2:46  Zergling x4  
  28  2:50  Zergling x4  
  32  2:54  Drone  
  32  2:56  Drone  
  34  2:59  Metabolic Boost  
  34  3:02  Drone  
  35  3:07  Drone x2  
  35  3:09  Drone  
  38  3:15  Queen  
  38  3:18  Drone  
  41  3:20  Drone  
  42  3:27  Drone x3  
  42  3:28  Drone  
  46  3:34  Drone x3  
  45  3:42  Zergling x4  
  45  3:47  Extractor  
  46  3:59  Roach Warren, Evolution Chamber  
  46  4:00  Evolution Chamber  
  43  4:03  Zergling x8  
  43  4:04  Zergling x4  
  48  4:14  Zergling x4  
  48  4:15  Zergling x4  
  49  4:27  Zerg Missile Weapons Level 1  
  49  4:30  Drone, Extractor  
  49  4:36  Drone  
  50  4:43  Extractor  
  49  4:46  Overlord x3  
  49  5:10  Zergling x2  
  49  5:11  Roach x3  
  49  5:12  Roach x4  
  53  5:22  Roach x3  
  59  5:29  Overlord x2  
  55  5:43  Roach x2  
  55  5:48  Drone x2  
  55  5:49  Drone  
  62  5:50  Queen  
  62  5:55  Drone  
  65  5:58  Drone  
  66  6:05  Roach  
  66  6:06  Roach  
  66  6:07  Lair  
  71  6:11  Drone x2  
  72  6:19  Drone  
  72  6:20  Drone  
  74  6:28  Drone  
  74  6:29  Drone  
  76  6:36  Overlord x5  
  76  6:37  Overlord  
  76  6:42  Hatchery  
  75  6:55  Zerg Ground Armor Level 1  
  75  7:07  Roach  
  75  7:08  Roach x9  
  95  7:15  Glial Reconstitution  
  95  7:22  Drone x3  
  98  7:30  Roach  
  102  7:37  Roach x4  
  108  7:57  Roach x5  
  112  8:04  Zerg Missile Weapons Level 2  
  110  8:09  Roach  
  110  8:11  Zergling x2  
  110  8:12  Zergling x8  
  117  8:13  Queen  
  103  8:40  Roach  
  103  8:41  Roach x9  
  117  8:42  Hatchery  
  117  8:48  Drone x4  
  120  8:51  Extractor  
  120  8:52  Extractor  
  118  8:58  Roach x3  
  118  9:00  Drone  
  125  9:09  Overlord x2  
  116  9:27  Roach  
  116  9:28  Roach x9  
  132  9:39  Overseer  
  132  9:41  Roach  
  132  9:43  Drone x3  
  132  9:44  Drone x2  
  139  9:47  Zerg Ground Armor Level 2  
  139  9:49  Drone  
  139  9:50  Drone  
  141  9:53  Queen  
  143  10:00  Ravager  
  143  10:01  Ravager  
  143  10:03  Overlord x4  
  145  10:17  Overlord  
  145  10:25  Drone x2, Spore Crawler  
  145  10:26  Drone x10  
  156  10:29  Extractor, Queen  
  156  10:31  Drone x2  
  156  10:32  Extractor  
  156  10:33  Overlord  
  141  10:59  Drone x3  
  141  11:00  Drone x3  
  141  11:01  Drone x5  
  152  11:11  Roach  
  152  11:12  Roach x5  
  152  11:16  Overlord  
  152  11:18  Ravager x5  
  165  11:19  Ravager x2  
  165  11:25  Queen  
  173  11:26  Drone  
  174  11:37  Roach  
  174  11:38  Roach x11  
  198  11:53  Roach  
  200  11:54  Hatchery  
  199  12:12  Drone  
  189  12:39  Roach x5  
Tags
 
Add a new tag
Caveats
  • Supply blocks, unpowered buildings, or Contaminate may cause inaccurate times.
  • Supply counts are checked every 10 seconds.